 Dungeon Crawl Stone Soup version 0.30-a0-715-gdb4ae3ece1 (webtiles) character file.

Game seed: 15675068860230403502

8584 OTABOTABOTAB the Destroyer (level 11, -7/54 HPs)
             Began as a Deep Elf Conjurer on Jan 23, 2023.
             Was a Priest of Vehumet.
             Mangled by an orc warrior
             ... wielding a +0 trident
              (15 damage)
             ... on level 10 of the Dungeon.
             The game lasted 00:21:10 (11061 turns).

OTABOTABOTAB the Destroyer (Deep Elf Conjurer)     Turns: 11061, Time: 00:21:10

Health: -7/54      AC:  5    Str:  4    XL:     11   Next: 11%
Magic:  22/29      EV: 13    Int: 28    God:    Vehumet [***...]
Gold:   639        SH:  0    Dex: 19    Spells: 24/35 levels left

rFire   + . .      SeeInvis .    f - staff of conjuration
rCold   . . .      Faith    .    (no shield)
rNeg    . . .      Spirit   .    c - +2 robe {rF+}
rPois   .          Reflect  .    (no helmet)
rElec   .          Harm     .    (no cloak)
rCorr   .          Rampage  .    a - +0 pair of gloves
Will    +....                    (no boots)
Stlth   ++                       (no amulet)
HPRegen 0.29/turn                Z - ring of wizardry {Wiz+, !d}
MPRegen 0.21/turn                g - +6 ring of dexterity

@: no status effects
A: no striking features
a: Renounce Religion


You were on level 10 of the Dungeon.
You worshipped Vehumet.
Vehumet was most pleased with you.
You visited 1 branch of the dungeon, and saw 10 of its levels.

You collected 639 gold pieces.

Inventory:

Armour
 a - a +0 pair of gloves (worn)
   (You found it on level 8 of the Dungeon)
 c - a +2 robe of fire resistance (worn)
   (You took it off Sigmund on level 6 of the Dungeon)
Magical Staves
 f - a staff of conjuration (weapon)
   (You acquired it on level 4 of the Dungeon)
 k - a staff of cold {rC+}
   (You found it on level 8 of the Dungeon)
Jewellery
 g - a +6 ring of dexterity (right hand)
   (You found it on level 4 of the Dungeon)
 Z - a ring of wizardry (left hand) {Wiz+, !d}
   (You found it on level 8 of the Dungeon)
Wands
 i - a wand of iceblast (4)
   (You found it on level 3 of the Dungeon)
 p - a wand of paralysis (7)
   (You found it on level 7 of the Dungeon)
Scrolls
 b - a scroll of butterflies
 h - a scroll of enchant weapon
 l - a scroll of brand weapon
 E - a scroll of fear
 Y - 3 scrolls of teleportation {@r3}
Potions
 d - a potion of cancellation
 B - 2 potions of brilliance
 G - a potion of ambrosia {!q}
 H - 2 potions of haste
 J - 4 potions of curing {@q1}
 L - 3 potions of flight
 M - 3 potions of might
 N - 3 potions of heal wounds {@q2}
 R - a potion of resistance
 U - 3 potions of mutation {!q}


   Skills:
 - Level 2.4 Dodging
 - Level 2.4 Stealth
 + Level 12.5 Spellcasting
 * Level 14.8 Conjurations
 - Level 5.0 Hexes
 - Level 5.0 Translocations


You had 24 spell levels left.
You knew the following spells:

 Your Spells              Type           Power      Damage    Failure   Level
a - Magic Dart            Conj           100%       1d8       0%          1
b - Searing Ray           Conj           100%       2d8       0%          2
c - Fulminant Prism       Conj/Hex       41%        3d19      1%          4
x - Iskenderun's Mystic   Conj/Tloc      83%        2d16      1%          4

Your spell library contained the following spells:

 Spells                   Type           Power      Damage    Failure   Level
 Mephitic Cloud           Conj/Pois/Air  61%        N/A       1%          3
 Sandblast                Erth           34%        2d9       1%          1
 Blink                    Tloc           90%        N/A       1%          2
 Lesser Beckoning         Tloc           90%        N/A       1%          2
 Momentum Strike          Conj/Tloc      100%       3d10      1%          2
 Passwall                 Tmut/Erth      14%        N/A       1%          2
 Dazzling Flash           Conj/Hex       100%       N/A       1%          3
 Ignite Poison            Fire/Tmut/Pois 17%        N/A       1%          3
 Stone Arrow              Conj/Erth      100%       3d13      1%          3
 Sticky Flame             Conj/Fire      73%        2d9       1%          4
 Olgreb's Toxic Radiance  Pois           17%        N/A       3%          4
 Ozocubu's Refrigeration  Ice            8%         4d9       88%         7
 Ignition                 Fire           8%         3d5       100%        8


Dungeon Overview and Level Annotations

Branches:
Dungeon (10/15)            Temple (0/1) D:5
   Lair: D:8-11         Orc: D:9-12

Altars:
Ashenzari
Cheibriados
Dithmenos
Elyvilon
Hepliaklqana
Sif Muna
Trog
Vehumet

Shops:
D:4 !   D:9 (

Annotations:
D:3 2 transporters, baller8008's ghost, amateur MiFi


Message History

You see here 23 gold pieces.
You now have 577 gold pieces (gained 23).
The orc shouts!
You hear a shout!
No target in view!
Items here: )) [[ ††.
You feel a surge of power!
The magic dart hits the orc.
You now have 23/29 mp.
You feel a surge of power!
The magic dart hits the orc.
You kill the orc!
Vehumet accepts your kill.
You feel your power returning.
You hear the faint creaking of a very distant portcullis.
You now have 589 gold pieces (gained 12).
Things that are here:
a +0 trident; a +0 chain mail; a +0 club You now have 624 gold pieces (gained 35).
You see here a +0 club.
An orc comes into view.
It is wielding a +0 dagger of holy wrath.
You see here 14 gold pieces.
You now have 639 gold pieces (gained 15).
Autopickup is now off.
Autopickup is now on.
An orc wizard comes into view. It is wielding a +0 dagger.
You feel a surge of power!
The magic dart hits the orc wizard.
The orc wizard shouts!
You now have 25/29 mp.
You feel a surge of power!
You erupt in a blast of force!
The mystic blast hits the orc wizard but does no damage.
The orc wizard barely misses you.
You now have 22/29 mp.
You feel a surge of power!
You erupt in a blast of force!
The mystic blast hits the orc wizard!
You kill the orc wizard!
Vehumet accepts your kill.
You hear a shout!
An orc warrior comes into view. It is wielding a +0 battleaxe.
You now have 18/29 mp.
An orc warrior is nearby!
You feel a surge of power!
You erupt in a blast of force!
The mystic blast hits the orc warrior!
The orc warrior is knocked back by the mystic blast.
You now have 14/29 mp.
You can't see any susceptible monsters within range! (Use Z to cast anyway.)
Aim: an orc warrior, wielding a +0 battleaxe and wearing a +0 chain mail (heavily wounded, 81% to hit)
You feel a surge of power!
The searing ray misses the orc warrior. (Press . to maintain the ray.)
You now have 12/29 mp.
The searing ray hits the orc warrior!
You now have 11/29 mp.
The searing ray hits the orc warrior but does no damage.
The orc warrior hits you with a +0 battleaxe!!
You take 18 damage, and have 36/54 hp.
MASSIVE DAMAGE!!
You feel a surge of power!
You erupt in a blast of force!
The mystic blast hits the orc warrior!
You kill the orc warrior!
Vehumet accepts your kill.
You feel your power returning.
You hear a shout! x3
You now have 8/29 mp.
An orc warrior comes into view. It is wielding a +0 trident.
You regained 5 hp, and now have 41/54 hp.
You regained 3 mp, and now have 11/29 mp.
You feel a surge of power!
You erupt in a blast of force!
The mystic blast hits the orc warrior!!
The orc warrior is knocked back by the mystic blast.
You hear a shout! x2
You now have 8/29 mp.
Aim: an orc warrior, wielding a +0 trident and wearing a +0 plate armour (severely wounded, 83% to hit)
You feel a surge of power!
The searing ray misses the orc warrior. (Press . to maintain the ray.)
You now have 6/29 mp.
The searing ray misses the orc warrior.
The orc warrior barely misses you.
You now have 5/29 mp.
The searing ray hits the orc warrior.
The orc warrior hits you from afar with a +0 trident!
You take 9 damage, and have 33/54 hp.
You now have 4/29 mp.
The searing ray hits the orc warrior.
You finish channelling your searing ray.
The orc warrior hits you from afar with a +0 trident!
You take 13 damage, and have 20/54 hp.
MASSIVE DAMAGE!!
You now have 3/29 mp.
Aim: an orc warrior, wielding a +0 trident and wearing a +0 plate armour (almost dead, 83% to hit)
You feel a surge of power!
The searing ray hits the orc warrior. (Press . to maintain the ray.)
The orc warrior misses you.
You now have 2/29 mp.
The searing ray hits the orc warrior but does no damage.
The orc warrior barely misses you.
You now have 1/29 mp.
The searing ray hits the orc warrior but does no damage.
The orc warrior hits you from afar with a +0 trident!
* * * LOW HITPOINT WARNING * * *
You take 14 damage, and have 7/54 hp.
MASSIVE DAMAGE!!
You now have 0/29 mp.
Magic courses through your body.
The orc warrior hits you from afar with a +0 trident!
You die...

.# #######
#o.
#$.@#.##..#
####.##..#
#$..o#.. ##
###.#o##..#
#.$.#..#
##)...##
##)##.#
#.).###
#..##


You could see an orc warrior and an orc.

Vanquished Creatures
  4 two-headed ogres
  Pikel (D:5)
  Joseph (D:9)
  Sigmund (D:6)
  Grum (D:9)
  Duvessa (D:5)
  6 water moccasins
  An ice beast (D:4)
  2 sky beasts
  3 orc warriors
  3 black bears
  An ogre (D:6)
  5 centaurs
  4 wolves (D:9)
  2 lemures (D:5)
  A phantom (D:6)
  A kobold brigand (D:9)
  Blork the orc (D:5)
  A gnoll sergeant (D:5)
  3 necrophages
  2 bullfrogs
  2 scorpions
  9 wights
  Dowan (D:5)
  14 killer bees
  4 hounds
  A jelly (D:6)
  A gnoll bouda (D:6)
  3 orc priests
  4 iguanas
  18 orc wizards
  5 adders
  9 gnolls
  A shadow imp (D:7)
  2 white imps
  2 ufetubi
  4 worms
  2 dart slugs
  26 orcs
  2 bats (D:2)
  3 endoplasms
  5 giant cockroaches
  2 hobgoblins (D:3)
  8 jackals
  2 quokkas (D:1)
  3 ball pythons
  5 frilled lizards
  5 goblins
  6 kobolds
  5 rats
199 creatures vanquished.

Vanquished Creatures (others)
  An orc wizard (D:7)
  33 fulminant prisms
  7 plants
41 creatures vanquished.

Grand Total: 240 creatures vanquished

Notes
Turn   | Place    | Note
-------+----------+-------------------------------------------
     0 | D:1      | OTABOTABOTAB the Deep Elf Conjurer began the quest for the
                  | Orb.
     0 | D:1      | Reached XP level 1. HP: 10/10 MP: 6/6
   260 | D:1      | Reached XP level 2. HP: 15/15 MP: 0/8
   793 | D:1      | Reached skill level 5 in Conjurations
  1120 | D:2      | Reached XP level 3. HP: 19/19 MP: 6/10
  1192 | D:2      | Learned a level 2 spell: Searing Ray
  1250 | D:2      | Identified the +5 plate armour of Eternal Vigilance {rCorr
                  | Str-5 Dex+5}
  1721 | D:3      | Reached skill level 4 in Spellcasting
  1963 | D:3      | Reached XP level 4. HP: 24/24 MP: 10/12
  1968 | D:3      | Learned a level 4 spell: Fulminant Prism
  1973 | D:3      | Learned a level 4 spell: Iskenderun's Mystic Blast
  2152 | D:3      | Found a transporter.
  2174 | D:3      | Noticed baller8008's ghost (amateur MiFi)
  2192 | D:3      | Reached skill level 6 in Conjurations
  2192 | D:3      | Reached skill level 1 in Hexes
  2290 | D:3      | Found a transporter.
  2424 | D:3      | Reached skill level 1 in Translocations
  2792 | D:4      | Reached XP level 5. HP: 28/28 MP: 10/13
  2906 | D:4      | Identified a scroll of acquirement
  2906 | D:4      | Acquired a staff of conjuration
  2953 | D:4      | Reached skill level 2 in Hexes
  3084 | D:4      | Found a radiant altar of Vehumet.
  3203 | D:4      | Became a worshipper of Vehumet
  3320 | D:4      | Noticed an ice beast
  3330 | D:4      | Killed an ice beast
  3331 | D:4      | Reached skill level 5 in Spellcasting
  3331 | D:4      | Reached skill level 2 in Translocations
  3331 | D:4      | Reached XP level 6. HP: 32/32 MP: 5/15
  3504 | D:4      | Found a white marble altar of Elyvilon.
  3699 | D:4      | Found Virad's Distillery.
  3863 | D:4      | Reached skill level 3 in Hexes
  3864 | D:4      | Reached skill level 7 in Conjurations
  4109 | D:5      | Entered Level 5 of the Dungeon
  4109 | D:5      | Noticed a two-headed ogre
  4113 | D:5      | Reached XP level 7. HP: 36/36 MP: 12/17
  4449 | D:5      | Reached skill level 3 in Translocations
  4569 | D:5      | Killed a two-headed ogre
  4570 | D:5      | Reached skill level 6 in Spellcasting
  4570 | D:5      | Reached skill level 8 in Conjurations
  4570 | D:5      | Reached skill level 5 in Hexes
  4570 | D:5      | Reached skill level 4 in Translocations
  4570 | D:5      | Reached XP level 8. HP: 33/41 MP: 2/19
  4997 | D:5      | Noticed Pikel
  5018 | D:5      | Killed Pikel
  5019 | D:5      | Reached skill level 7 in Spellcasting
  5019 | D:5      | Reached skill level 9 in Conjurations
  5019 | D:5      | Reached skill level 5 in Translocations
  5148 | D:5      | Found a staircase to the Ecumenical Temple.
  5170 | D:5      | Reached * piety under Vehumet
  5170 | D:5      | Offered knowledge of Freeze by Vehumet.
  5244 | D:5      | Noticed Duvessa
  5245 | D:5      | Noticed Dowan
  5248 | D:5      | Killed Dowan
  5250 | D:5      | Killed Duvessa
  5251 | D:5      | Reached skill level 8 in Spellcasting
  5344 | D:5      | Reached XP level 9. HP: 42/45 MP: 7/23
  5377 | D:5      | Reached skill level 10 in Conjurations
  5380 | D:5      | Noticed Blork the orc
  5667 | D:5      | Killed Blork the orc
  6203 | D:6      | Noticed Sigmund
  6209 | D:6      | Killed Sigmund
  6210 | D:6      | Reached skill level 9 in Spellcasting
  6233 | D:6      | Reached skill level 11 in Conjurations
  6507 | D:6      | Found a shadowy altar of Dithmenos.
  6670 | D:6      | Found a hazy altar of Hepliaklqana.
  6988 | D:7      | Reached ** piety under Vehumet
  6989 | D:7      | Offered knowledge of Foxfire by Vehumet.
  7136 | D:7      | Identified the +0 ring mail of Loepeinn {rPois rF+}
  7170 | D:7      | Reached skill level 10 in Spellcasting
  7170 | D:7      | Reached skill level 12 in Conjurations
  7232 | D:7      | Found a broken altar of Ashenzari.
  7548 | D:7      | Reached XP level 10. HP: 50/50 MP: 21/26
  8479 | D:7      | Found a shimmering blue altar of Sif Muna.
  8584 | D:8      | Noticed a two-headed ogre
  8594 | D:8      | Killed a two-headed ogre
  8595 | D:8      | Reached skill level 13 in Conjurations
  8664 | D:8      | Reached skill level 11 in Spellcasting
  9148 | D:8      | Noticed a two-headed ogre
  9154 | D:8      | Killed a two-headed ogre
  9894 | D:9      | Noticed a two-headed ogre
  9900 | D:9      | Killed a two-headed ogre
  9901 | D:9      | Reached skill level 12 in Spellcasting
  9901 | D:9      | Reached skill level 14 in Conjurations
  9907 | D:9      | Noticed Grum
  9912 | D:9      | Killed Grum
 10037 | D:9      | Offered knowledge of Mephitic Cloud by Vehumet.
 10142 | D:9      | Noticed Joseph
 10149 | D:9      | Killed Joseph
 10268 | D:9      | Found a snail-covered altar of Cheibriados.
 10313 | D:9      | Reached XP level 11. HP: 54/54 MP: 23/29
 10373 | D:9      | Reached *** piety under Vehumet
 10476 | D:9      | Found Iriuf's Weapon Emporium.
 10757 | D:9      | Found a bloodstained altar of Trog.
 10965 | D:10     | Entered Level 10 of the Dungeon
 11059 | D:10     | HP: 7/54 [orc warrior/+0 trident (14)]
 11061 | D:10     | Mangled by an orc warrior

Illustrated notes

Levels and vault maps discovered:
D:1:      co_arrival_random_square_maze, layout_basic
D:2:      layout_basic, minmay_increasing_density
D:3:      layout_loops_ring, gammafunk_ghost_mausoleum
D:4:      layout_cave_pools, mainiacjoe_overflow_alcove_1, lemuel_doored_altar,
          serial_shops, nicolae_stop_n_shop_1, chequers_big_river,
          cheibrodos_gnoll_hut
D:5:      layout_rooms, minmay_temple_entry_overgrown, minmay_misc_feat_tiny,
          uniq_pikel, uniq_duvessa, uniq_blork_the_orc
D:6:      layout_loops_ring, grunt_dithmenos_smoke_and_mirrors,
          nicolae_hepliaklqana_hippocampus, grunt_ministairs_8, uniq_sigmund
D:7:      layout_basic, tgw_sif, overflow_temple_1_default, supply_closet_lemuel
D:8:      layout_basic, serial_curves, eino_curves_04, eino_curves_02
D:9:      layout_rooms, mainiacjoe_overflow_six_doors_small,
          trog_ov_bears_minmay, serial_shops, shop, uniq_grum, uniq_joseph
D:10:     minmay_goldmine, layout_basic, okawaru_altar_gauntlet_db,
          enter_bailey_8, hangedman_incinerator

Skill      XL: |  1  2  3  4  5  6  7  8  9 10 |
---------------+-------------------------------+-----
Conjurations   | 5 6 7 8 9 12 14 | 14.8
Spellcasting   | 4 5 6 8 10 12 | 12.5
Hexes          | 1 2 3 5 |  5.0
Translocations | 1 2 4 5 |  5.0
Dodging        | |  2.4
Stealth        | |  2.4

Action                     |  1- 3 |  4- 6 |  7- 9 | 10-12 || total
---------------------------+-------+-------+-------+-------++-------
  Melee: Club              |    14 |       |       |       ||    14
         Punch             |     2 |       |       |       ||     2
   Cast: Magic Dart        |    56 |    41 |    65 |    36 ||   198
         Searing Ray       |     1 |    12 |    40 |    20 ||    73
         Iskenderun's Myst |       |     3 |    20 |    22 ||    45
         Fulminant Prism   |       |       |    13 |    20 ||    33
    Use: Scroll            |    16 |     2 |     3 |     2 ||    23
         Potion            |       |       |     1 |     1 ||     2
 Armour: Robe              |     5 |     1 |     4 |     3 ||    13
  Dodge: Dodged            |    12 |     8 |    34 |    23 ||    77

Table legend: (Time is in decaauts)
 A = Elapsed time spent in this place.
 B = Non-inter-level travel time spent in this place.
 C = Inter-level travel time spent in this place.
 D = Time resting spent in this place.
 E = Time spent auto-exploring this place.
 F = Levels seen in this place.
 G = Mean time per level.
                   A        B        C        D        E       F      G
               +--------+--------+--------+--------+--------+-----+--------+
         Total |  11080 |  10563 |    517 |   1196 |   8150 |  10 | 1108.0 |
       Dungeon |  11080 |  10563 |    517 |   1196 |   8150 |  10 | 1108.0 |
               +--------+--------+--------+--------+--------+-----+--------+

Top non-repeatable levels by time:
     D:4: 1780 daAuts
     D:7: 1610 daAuts
     D:8: 1493 daAuts
     D:5: 1282 daAuts
     D:6: 1091 daAuts
     D:3: 1064 daAuts
     D:1: 1010 daAuts
     D:9: 953 daAuts
     D:2: 697 daAuts
    D:10: 95 daAuts

Table legend:
 A = Kills in this place as a percentage of kills in entire the game.
 B = Kills by you in this place as a percentage of kills by you in the entire game.
 C = Kills by friends in this place as a percentage of kills by friends in the entire game.
 D = Other kills in this place as a percentage of other kills in the entire game.
 E = Experience gained in this place as a percentage of experience gained in the entire game.
 F = Experience gained in this place divided by the number of levels of this place that you have seen.
                   A       B       C       D       E      F
               +-------+-------+-------+-------+-------+----------------------
         Total | 100.0 | 100.0 |   N/A |   N/A | 100.0 | 1226.4
       Dungeon | 100.0 | 100.0 |   N/A |   N/A | 100.0 | 1226.4
               +-------+-------+-------+-------+-------+----------------------
